 Dungeon Crawl Stone Soup version 0.31-a0-271-gb88eb75e06 (webtiles) character file.

Game seed: 18138238443990069201

4911 Maxmaps the Fighter (level 10, -2/40 HPs)
             Began as a Demonspawn Reaver on July 15, 2023.
             Was an Initiate of Gozag.
             Splashed by a brown ugly thing's acid (8 damage)
             ... on level 8 of the Dungeon.
             The game lasted 00:09:17 (7064 turns).

Maxmaps the Fighter (Demonspawn Reaver)             Turns: 7064, Time: 00:09:18

Health: -2/40      AC: 10    Str: 23    XL:     10   Next: 27%
Magic:  0/13       EV: 13    Int: 18    God:    Gozag
Gold:   527        SH:  0    Dex: 12    Spells: 12/13 levels left

rFire   + + .        a - melded +0 spear
rCold   x . .        (shield currently unavailable)
rNeg    . . .        b - melded +0 leather armour
rPois   +            p - melded +2 hat
rElec   .            (cloak currently unavailable)
rCorr   .            o - melded +0 pair of gloves
SInv    .            (boots currently unavailable)
Will    .....        k - amulet of guardian spirit
Stlth   +            c - +5 ring of evasion
HPRegen 0.26/turn    m - ring of poison resistance
MPRegen 0.26/turn

%: guardian spirit
@: short of breath, dragon-form, corroded, flying
A: dragon claw, dragon scales, breathe fire, flying, reduced hp, giant, (hooves
2), (yellow scales 3), (spiny 1), magic regeneration
a: Breathe Fire, Begin Untransformation, Renounce Religion, Potion Petition,
Call Merchant, Bribe Branch


You were on level 8 of the Dungeon.
You worshipped Gozag.
Gozag was pleased with you.
You were a fearsome dragon!
You visited 2 branches of the dungeon, and saw 9 of its levels.
You also visited: Sewer.

You collected 895 gold pieces.
You spent 202 gold pieces at shops.
You paid 166 gold pieces to Gozag.

Inventory:

Hand Weapons
 a - a +0 spear (melded)
Armour
 b - a +0 leather armour (melded)
 o - a +0 pair of gloves (melded)
 p - a +2 hat (melded)
 v - a +0 pair of boots
 z - a scarf of repulsion
 A - a +0 buckler
 D - a +0 helmet of see invisible
Jewellery
 c - a +5 ring of evasion (left foreclaw)
 k - an amulet of guardian spirit (around neck)
 m - a ring of poison resistance (right foreclaw)
Talismans
 s - a dragon-blood talisman
 t - a beast talisman
 C - a serpent talisman
Wands
 w - a wand of polymorph (12)
Scrolls
 i - 2 scrolls of revelation {unknown}
 r - a scroll of enchant armour {unknown}
 u - a scroll of noise {unknown}
 y - a scroll of enchant weapon {unknown}
 E - 3 scrolls of identify
 F - a scroll of silence {unknown}
Potions
 d - a potion of attraction
 e - a potion of haste
 f - a potion of lignification
 g - a potion of berserk rage
 h - a potion of degeneration
 j - 3 potions of heal wounds
 l - a potion of resistance
 n - a potion of brilliance {unknown}
 q - a potion of might {unknown}
 x - a potion of mutation {unknown}


   Skills:
 + Level 11.9 Fighting
 - Level 9.3 Polearms
 - Level 1.7 Dodging
 - Level 2.0 Spellcasting
 - Level 3.0 Conjurations


You had 12 spell levels left.
You knew the following spells:

 Your Spells              Type           Power      Damage    Failure   Level
a - Kiss of Death         Conj/Necr      28%        2d7       10%         1

Your spell library contained the following spells:

 Spells                   Type           Power      Damage    Failure   Level
 Magic Dart               Conj           48%        1d5       5%          1
 Searing Ray              Conj           24%        2d5       8%          2
 Shock                    Conj/Air       28%        1d4       10%         1
 Momentum Strike          Conj/Tloc      14%        3d8       14%         2
 Summon Small Mammal      Summ           4%         N/A       19%         1
 Sublimation of Blood     Necr           1%         N/A       26%         2
 Hailstorm                Conj/Ice       7%         3d4       28%         3
 Call Canine Familiar     Summ           1%         N/A       47%         3
 Portal Projectile        Hex/Tloc       2%         N/A       47%         3
 Summon Guardian Golem    Hex/Summ       1%         N/A       47%         3
 Swiftness                Air            1%         N/A       47%         3
 Tukima's Dance           Hex            1%         N/A       47%         3
 Fulminant Prism          Conj/Hex       3%         3d5       67%         4
 Iskenderun's Mystic Bla  Conj/Tloc      7%         2d4       67%         4
 Airstrike                Air            0%         2d(1-17)  87%         4
 Passage of Golubria      Tloc           1%         N/A       87%         4
 Petrify                  Tmut/Erth      1%         N/A       87%         4
 Irradiate                Conj/Tmut      3%         3d12      95%         5
 Yara's Violent Unravell  Hex/Tmut       0%         3d3       99%         5


Dungeon Overview and Level Annotations

Branches:
Dungeon (8/15)             Temple (1/1) D:7           Sewer (visited)
   Lair: D:8-11

Altars:
Ashenzari
Cheibriados
Dithmenos
Fedhas
Gozag
Kikubaaqudgha
Makhleb
Okawaru
Qazlal
Ru
Sif Muna
Trog
Uskayaw
Vehumet
Wu Jian
Xom
Yredelemnul

Shops:
D:1 *   D:7 [

Annotations:
D:6 1 runed translucent door


Innate Abilities, Weirdness & Mutations

You are a fearsome dragon!
You have a powerful clawing attack.
Your giant scaled body is strong and resiliant, but less evasive.
You can breathe fire.
You are flying.
Your maximum health is decreased, since you lack skill for your form.
Your armour is entirely melded.
You are incapable of wielding weapons or throwing items.
((You have hoof-like feet.))
((You are completely covered in yellow scales. (AC +4, rCorr)))
((You are partially covered in sharp spines.))
You regenerate magic rapidly.


Message History

You bite the orc warrior!! Your bite misses the orc warrior.
The orc warrior is severely wounded.
The orc warrior hits you with a +0 short sword!
As you read the scroll of fear, it crumbles to dust.
You assume a fearsome visage.
The orc warrior looks frightened!
The brown ugly thing looks frightened!
The white imp looks frightened!
The killer bee looks frightened!
The orc warrior is distracted by your dazzling golden aura.
A bullfrog comes into view.
The killer bee is no longer distracted by gold.
The orc warrior is no longer distracted by gold.
A brown ugly thing is nearby!
A brown ugly thing is nearby!
A brown ugly thing is nearby!
Aiming: Breathe Fire (0% risk of failure)
Press: ? - help, Shift-Dir - straight line, f - brown ugly thing
Aim: a brown ugly thing (74% to hit)
You breathe a blast of fire.
The fiery breath misses the brown ugly thing.
The brown ugly thing tentacle-slaps you!
You are splashed with acid!
You claw the brown ugly thing!
The brown ugly thing is lightly wounded.
The brown ugly thing tentacle-slaps you but does no damage.
You barely miss the brown ugly thing.
The brown ugly thing is lightly wounded.
The brown ugly thing tentacle-slaps you!
The acid corrodes you!
You are splashed with acid!
* * * LOW HITPOINT WARNING * * *
You closely miss the brown ugly thing.
The brown ugly thing is lightly wounded.
The brown ugly thing completely misses you.
You hit the brown ugly thing.
You tail-slap the brown ugly thing, but do no damage.
The brown ugly thing is lightly wounded.
The brown ugly thing tentacle-slaps you!
* * * LOW HITPOINT WARNING * * *
You are splashed with acid!
You die...
Your body crumbles into a pile of gold.

#.#.##........# #.#.#
#...##........# #...#
##.<##........####.######
#..#......##...........#
#..#.#....##.####.####.#
#...)....###.####.#
#.........))......#
#..........)#.###.#
#...........#D# #.#
####.........###u###.#
.....................#
###############..#####
#........#####.○# #.##
#...#u.....##...##.#.#
#...##.....###...)..#.#
+...##......#...))...#
#...####......####..##


You could see a brown ugly thing.

Vanquished Creatures
  Pikel (D:4)
  A troll (D:8)
  A slime creature (D:8)
  3 yaks (D:8)
  A steam dragon (D:7)
  Menkaure (D:7)
  3 water moccasins
  An orc warrior (D:6)
  An ice beast (D:7)
  A centaur (D:8)
  A lemure (D:4)
  2 phantoms
  2 bullfrogs (D:8)
  7 scorpions
  11 wights
  7 killer bees (D:6)
  A howler monkey (D:8)
  A hound (D:5)
  6 jellies
  5 orc priests
  3 gnoll boudas
  A sleepcap (D:5)
  6 iguanas
  5 orc wizards
  12 adders
  18 gnolls
  3 white imps
  3 worms
  2 dart slugs
  31 orcs
  8 endoplasms
  16 giant cockroaches
  5 goblins
  7 hobgoblins
  3 jackals (D:1)
  6 kobolds
  5 quokkas
  8 ball pythons
  12 bats
  7 frilled lizards
  8 rats
  3 butterflies (D:6)
229 creatures vanquished.

Vanquished Creatures (others)
  A gnoll (D:7)
1 creature vanquished.

Grand Total: 230 creatures vanquished

Notes
Turn   | Place    | Note
-------+----------+-------------------------------------------
     0 | D:1      | Maxmaps the Demonspawn Reaver began the quest for the Orb.
     0 | D:1      | Reached XP level 1. HP: 16/16 MP: 3/3
   137 | D:1      | Found Fufoefyz's General Store.
   145 | D:1      | Bought a scroll of identify for 22 gold pieces
   263 | D:1      | Gained mutation: You are partially covered in yellow
                  | scales. (AC +2) [demonic ancestry]
   263 | D:1      | Reached XP level 2. HP: 11/22 MP: 5/5
   712 | D:2      | Gained mutation: You regenerate magic rapidly. [demonic
                  | ancestry]
   712 | D:2      | Reached XP level 3. HP: 27/27 MP: 6/6
  1123 | D:2      | Gained mutation: You have large cloven feet. [demonic
                  | ancestry]
  1123 | D:2      | Reached XP level 4. HP: 33/33 MP: 7/7
  1903 | D:3      | Reached skill level 5 in Polearms
  2036 | D:3      | Reached XP level 5. HP: 4/38 MP: 1/8
  2313 | D:3      | Found a faded altar of an unknown god.
  2708 | D:4      | Found a glowing drain.
  2746 | Sewer    | Entered a sewer
  2783 | Sewer    | Noticed a water moccasin
  2812 | Sewer    | Killed a water moccasin
  2813 | Sewer    | Gained mutation: You are mostly covered in yellow scales.
                  | (AC +3) [demonic ancestry]
  2813 | Sewer    | Reached XP level 6. HP: 15/44 MP: 5/9
  3168 | D:4      | Noticed Pikel
  3178 | D:4      | Killed Pikel
  3179 | D:4      | Gained mutation: You are partially covered in sharp spines.
                  | [demonic ancestry]
  3179 | D:4      | Reached XP level 7. HP: 20/50 MP: 6/10
  3269 | D:4      | Reached XP level 8. HP: 25/56 MP: 11/11
  3604 | D:5      | Entered Level 5 of the Dungeon
  3829 | D:5      | Reached skill level 3 in Fighting
  3929 | D:5      | Reached skill level 4 in Fighting
  4046 | D:5      | Found a sacrificial altar of Ru.
  4080 | D:5      | Reached skill level 5 in Fighting
  4344 | D:6      | Found a runed translucent door.
  4346 | D:6      | Found a runed translucent door.
  4401 | D:6      | Reached skill level 6 in Fighting
  4468 | D:6      | Gained mutation: You have hoof-like feet. [demonic
                  | ancestry]
  4468 | D:6      | Reached XP level 9. HP: 31/71 MP: 12/12
  4470 | D:6      | Reached skill level 7 in Fighting
  4765 | D:6      | Reached skill level 8 in Fighting
  5680 | D:7      | Reached skill level 9 in Fighting
  5829 | D:7      | Found a staircase to the Ecumenical Temple.
  5852 | Temple   | Entered the Ecumenical Temple
  5994 | Temple   | Became a worshipper of Gozag Ym Sagoz the Greedy
  6082 | D:7      | Found a radiant altar of Vehumet.
  6195 | D:7      | Reached skill level 10 in Fighting
  6212 | D:7      | Found Athrylupt's Antique Armour Emporium.
  6228 | D:7      | Bought a runed helmet for 180 gold pieces
  6289 | D:7      | Found an ornate altar of the Wu Jian Council.
  6380 | D:7      | Noticed Menkaure
  6387 | D:7      | Killed Menkaure
  6718 | D:8      | Noticed a troll
  6724 | D:8      | Killed a troll
  6798 | D:8      | Reached skill level 11 in Fighting
  6798 | D:8      | Gained mutation: You are completely covered in yellow
                  | scales. (AC +4, rCorr) [demonic ancestry]
  6798 | D:8      | Reached XP level 10. HP: 39/87 MP: 13/13
  7027 | D:8      | Noticed a brown ugly thing
  7064 | D:8      | Splashed by a brown ugly thing's acid

Illustrated notes

Levels and vault maps discovered:
D:1:      lordsloth_arrival_two_stooges, layout_basic, serial_shops, shop,
          st_stairs_11, kennysheep_doodads
D:2:      layout_loops_corners, grunt_ministairs_9, minmay_pentomino_r4
D:3:      layout_rooms, dreamdust_ecumenical_altar_angels_and_demons
D:4:      layout_loops_ring, gup_sewer_entry_pipe, uniq_pikel
D:5:      layout_basic, kennysheep_mini_moat
D:6:      lemuel_insect_pit, layout_layer_cave
D:7:      layout_gridville, mainiacjoe_overflow_brackets,
          mainiacjoe_overflow_surrounded_room, minmay_temple_entry_waves,
          serial_shops, shop, uniq_menkaure
D:8:      minmay_opposing_rooms, layout_loops_ring, minmay_statues_item
Temple:   nicolae_temple_bog_church

Skill      XL: |  1  2  3  4  5  6  7  8  9 |
---------------+----------------------------+-----
Polearms       | 3 4 5 6 8 9 |  9.3
Fighting       | 6 11 | 11.9
Dodging        | |  1.7
Spellcasting   | |  2.0
Conjurations   | |  3.0

Action                     |  1- 3 |  4- 6 |  7- 9 | 10-12 || total
---------------------------+-------+-------+-------+-------++-------
  Melee: Spear             |   182 |   241 |       |       ||   423
         Punch             |     1 |     2 |     7 |       ||    10
         Kick              |       |    38 |       |       ||    38
         Unarmed           |       |    17 |   269 |    40 ||   326
         Tailslap          |       |     2 |    33 |     4 ||    39
         Bite              |       |     1 |    13 |     5 ||    19
   Cast: Kiss of Death     |       |     1 |       |       ||     1
Ability: Breathe Fire      |       |       |       |     1 ||     1
    Use: Scroll            |       |     4 |     3 |     1 ||     8
         Potion            |       |     1 |     1 |     1 ||     3
   Stab: Sleeping          |     1 |     3 |       |       ||     4
 Armour: Leather armour    |    50 |    45 |       |       ||    95
         Skin              |       |    17 |   154 |     8 ||   179
  Dodge: Dodged            |   113 |   153 |   212 |    20 ||   498
   Form: Dragon            |       |     1 |       |       ||     1

Table legend: (Time is in decaauts)
 A = Elapsed time spent in this place.
 B = Non-inter-level travel time spent in this place.
 C = Inter-level travel time spent in this place.
 D = Time resting spent in this place.
 E = Time spent auto-exploring this place.
 F = Levels seen in this place.
 G = Mean time per level.
                   A        B        C        D        E       F      G
               +--------+--------+--------+--------+--------+-----+--------+
         Total |   7009 |   6729 |    280 |    570 |   4678 |  10 |  700.9 |
       Dungeon |   6666 |   6415 |    251 |    494 |   4543 |   8 |  833.2 |
        Temple |    163 |    134 |     29 |      0 |    121 |   1 |  163.0 |
         Sewer |    178 |    178 |      0 |     76 |     14 |   1 |  178.0 |
               +--------+--------+--------+--------+--------+-----+--------+

Top non-repeatable levels by time:
     D:6: 1444 daAuts
     D:2: 1044 daAuts
     D:4: 800 daAuts
     D:3: 795 daAuts
     D:1: 730 daAuts
     D:7: 712 daAuts
     D:5: 619 daAuts
     D:8: 518 daAuts
   Sewer: 178 daAuts
  Temple: 163 daAuts
